 Dungeon Crawl Stone Soup version 0.24-a0-441-g27f0392e16 (webtiles) character file.

Game seed: 6815940892073933019

1696 gruber the Destroyer (level 9, -8/51 HPs)
             Began as an Octopode Conjurer on June 19, 2019.
             Hit by a stone thrown by an orc warrior (18 damage)
             ... on level 6 of the Dungeon.
             The game lasted 00:11:25 (6448 turns).

gruber the Destroyer (Octopode Conjurer)            Turns: 6448, Time: 00:11:26

Health: -8/51      AC:  8    Str:  7    XL:     9   Next: 3%
Magic:  3/17       EV: 13    Int: 21    God:
Gold:   469        SH:  4    Dex: 12    Spells: 13/19 levels left

rFire    . . .     SeeInvis .   t - +2 trident (protect)
rCold    . . .     Gourm    .   a - +0 buckler
rNeg     . . .     Faith    .   (helmet restricted)
rPois    .         Spirit   .   (no amulet)
rElec    .         Reflect  .   i - ring of wizardry
rCorr    .         Harm     .   (no ring)
MR       .....                  (no ring)
Stlth    +++.......             (no ring)
HPRegen  0.17/turn              (no ring)
MPRegen  0.15/turn              (no ring)
                                (no ring)
                                (no ring)

@: protection aura
A: almost no armour, stealthy swim, amphibious, 8 rings, constrict 8, camouflage
1, gelatinous body 1
a: no special abilities


You were on level 6 of the Dungeon.
You were not hungry.

You visited 2 branches of the dungeon, and saw 7 of its levels.
You also visited: Sewer.

You collected 469 gold pieces.

Inventory:

Hand Weapons
 t - a +2 trident of protection (weapon)
Armour
 a - a +0 buckler (worn)
Jewellery
 i - a ring of wizardry (left tentacle)
 k - an uncursed amulet of guardian spirit {unknown}
 n - an uncursed ring of ice
Wands
 r - a wand of iceblast (8)
Scrolls
 d - a scroll of noise {unknown}
 h - a scroll of fear {unknown}
 j - 2 scrolls of fog {unknown}
 l - 3 scrolls of identify {unknown}
 m - a scroll of teleportation {unknown}
 p - 2 scrolls of blinking {unknown}
 s - 2 scrolls of magic mapping {unknown}
 u - a scroll of amnesia {unknown}
Potions
 c - 4 potions of heal wounds {unknown}
 e - 4 potions of curing
 f - 2 potions of degeneration {unknown}
 g - 2 potions of ambrosia {unknown}
 o - a potion of haste {unknown}
 q - a potion of flight {unknown}
Comestibles
 b - 9 rations


   Skills:
 - Level 2.0 Dodging
 - Level 2.6 Stealth
 + Level 3.4 Shields
 * Level 5.9 Spellcasting
 + Level 9.4 Conjurations
 + Level 0.4 Hexes


You had 13 spell levels left.
You knew the following spells:

 Your Spells              Type           Power        Failure   Level  Hunger
a - Magic Dart            Conj           ####         1%          1    None
b - Searing Ray           Conj           #####.       1%          2    None
c - Dazzling Spray        Conj/Hex       ####..       1%          3    ##.....

Your spell library contained the following spells:

 Spells                   Type           Power        Failure   Level  Hunger
 Throw Frost              Conj/Ice       ####..       1%          2    None
 Iskenderun's Mystic Bla  Conj           #####...     1%          4    ####...
 Freeze                   Ice            #...         4%          1    None
 Force Lance              Conj/Tloc      ####....     6%          4    ####...
 Fulminant Prism          Conj/Hex       ####......   6%          4    ####...
 Throw Icicle             Conj/Ice       ####....     6%          4    ####...
 Ozocubu's Armour         Chrm/Ice       #.......     13%         3    ##.....
 Summon Ice Beast         Ice/Summ       #.......     38%         4    ####...


Dungeon Overview and Level Annotations

Branches:
Dungeon (6/15)             Temple (1/1) D:4

Altars:
Ashenzari
Dithmenos
Elyvilon
Fedhas
Hepliaklqana
Makhleb
Nemelex Xobeh
Okawaru
Qazlal
Ru
Sif Muna
Uskayaw
Wu Jian
Xom
Yredelemnul
Zin

Shops:
D:4 =


Innate Abilities, Weirdness & Mutations

You cannot wear most types of armour.
You are very stealthy in the water. (Stealth+)
You are amphibious.
You can wear up to eight rings at the same time.
You can use your tentacles to constrict eight enemies at once.
Your skin changes colour to match your surroundings (Stealth+).
Your rubbery body absorbs attacks. (AC +1, EV +1)


Message History

Evoke which item? (* to show all) (? for menu, Esc to quit)
Aiming: Iceblast
Press: ? - help, Shift-Dir - straight line, f/p - orc warrior
Aim: an orc warrior, wielding a +0 trident and wearing a +0 chain mail (moderately wounded)
The mass of ice explodes!
The iceblast engulfs the orc warrior!
The orc warrior is severely wounded.
The orc warrior throws a stone.
The stone hits you.
* * * LOW HITPOINT WARNING * * *
Unknown command.
Unknown command.
Evoke which item? (* to show all) (? for menu, Esc to quit)
Aiming: Iceblast
Press: ? - help, Shift-Dir - straight line, p - orc warrior The mass of ice explodes!
The iceblast engulfs the crimson imp!
The crimson imp is frozen!
You kill the crimson imp!
The iceblast engulfs the orc warrior!
The orc warrior is almost dead.
The orc warrior throws a stone.
The stone hits you!!
You die...

#......)...o..o..........
#.#.........(.5.))(.†....
#.##......##########)....
#. ####.#o# ..... #.....#
#.... #....## .o.. #....#
.... #...$# ... #...@#
... #....# #..(.# #....#
#....# ######


You could see an orc warrior.

Vanquished Creatures
  A hippogriff (D:4)
  Sigmund (D:5)
  A centaur (D:5)
  An ogre (D:5)
  A crocodile (Sewer)
  A gnoll sergeant (D:6)
  A bullfrog (D:6)
  A howler monkey (D:5)
  3 crimson imps
  A centaur skeleton (D:4)
  A hound (D:3)
  3 orc priests
  A jelly (D:5)
  3 iron imps (D:4)
  4 orc wizards
  Ijyb (D:2)
  Terence (D:2)
  2 worker ants
  A killer bee zombie (D:5)
  8 gnolls
  14 adders
  A howler monkey skeleton (D:6)
  A river rat (D:4)
  An adder skeleton (D:5)
  2 worms (D:4)
  3 dart slugs
  2 leopard geckos
  33 orcs
  2 ball pythons
  5 bats
  6 giant cockroaches
  11 goblins
  5 hobgoblins
  5 jackals
  10 kobolds
  A quokka (D:4)
  3 frilled lizards
  6 rats
148 creatures vanquished.

Vanquished Creatures (others)
  An orc (D:6)
  4 goblins (D:2)
5 creatures vanquished.

Grand Total: 153 creatures vanquished

Notes
Turn   | Place    | Note
-------+----------+-------------------------------------------
     0 | D:1      | gruber the Octopode Conjurer began the quest for the Orb.
     0 | D:1      | Reached XP level 1. HP: 11/11 MP: 3/3
   167 | D:1      | Reached XP level 2. HP: 15/17 MP: 5/5
   525 | D:1      | Reached XP level 3. HP: 19/21 MP: 3/6
  1101 | D:2      | Reached skill level 5 in Conjurations
  1298 | D:2      | Learned a level 2 spell: Searing Ray
  1316 | D:2      | Learned a level 3 spell: Dazzling Spray
  1445 | D:2      | Noticed Terence
  1474 | D:2      | Killed Terence
  1474 | D:2      | Reached XP level 4. HP: 27/27 MP: 1/7
  1600 | D:2      | Noticed Ijyb
  1628 | D:2      | Killed Ijyb
  2021 | D:3      | Reached skill level 6 in Conjurations
  2021 | D:3      | Reached XP level 5. HP: 28/31 MP: 3/8
  2148 | D:3      | Found a shimmering altar of Xom.
  2149 | D:3      | Found a blossoming altar of Fedhas.
  2415 | D:3      | Reached XP level 6. HP: 36/36 MP: 6/9
  2610 | D:3      | Reached skill level 7 in Conjurations
  3006 | D:3      | Found a deep blue altar of Sif Muna.
  3072 | D:4      | Found a staircase to the Ecumenical Temple.
  3083 | Temple   | Entered the Ecumenical Temple
  3233 | D:4      | Found an ornate altar of the Wu Jian Council.
  3393 | D:4      | Noticed a hippogriff
  3473 | D:4      | Found a burning altar of Makhleb.
  3738 | D:4      | Found a glowing drain.
  3742 | Sewer    | Entered a sewer
  3990 | D:4      | Reached XP level 7. HP: 40/41 MP: 5/11
  4297 | D:4      | Found Eran's Jewellery Emporium.
  4333 | D:4      | Found a sparkling altar of Nemelex Xobeh.
  4370 | D:4      | Reached skill level 1 in Shields
  4648 | D:4      | Killed a hippogriff
  4648 | D:4      | Reached skill level 8 in Conjurations
  4838 | D:5      | Entered Level 5 of the Dungeon
  4873 | D:5      | Reached XP level 8. HP: 46/46 MP: 8/14
  5344 | D:5      | Reached skill level 5 in Spellcasting
  5549 | D:5      | Noticed Sigmund
  5556 | D:5      | Killed Sigmund
  5556 | D:5      | Reached skill level 9 in Conjurations
  6428 | D:6      | Reached XP level 9. HP: 19/51 MP: 0/17
  6448 | D:6      | Hit by a stone thrown by an orc warrior

Levels and vault maps discovered:
D:1:      elethiomel_arrival_maze, layout_basic, kennysheep_small_spiral
D:2:      kennysheep_the_goblin_king, layout_loops_ring, uniq_terence
D:3:      layout_basic, grunt_temple_overflow_open, lemuel_blue_sif_altar
D:4:      layout_basic, lemuel_doored_altar, demons_altar, temple_pool_b,
          lightli_sewer_entry_pipes, serial_shops, shop_fountains,
          nemelex_spade_bored_becter
D:5:      layout_gridville, first_ration, saegor_snake_ambush, uniq_sigmund
D:6:      layout_rooms
Temple:   nicolae_temple_hex_pool

Skill      XL: |  1  2  3  4  5  6  7  8 |
---------------+-------------------------+-----
Conjurations   | 5 6 7 8 9 |  9.4
Spellcasting   | 3 4 5 |  5.9
Shields        | 1 3 |  3.4
Dodging        | |  2.0
Stealth        | |  2.6
Hexes          | |  0.4

Action                   |  1- 3 |  4- 6 |  7- 9 || total
-------------------------+-------+-------+-------++-------
Melee: Unarmed           |     4 |       |       ||     4
       Constrict         |    13 |    14 |    17 ||    44
       Tentacles         |     8 |     5 |    13 ||    26
       Dagger            |    42 |       |       ||    42
       Flail             |       |    62 |    51 ||   113
       Trident           |       |       |    22 ||    22
 Cast: Magic Dart        |    26 |    12 |    42 ||    80
       Searing Ray       |     1 |    15 |    24 ||    40
       Dazzling Spray    |     1 |       |     3 ||     4
Evoke: Wand              |       |       |     3 ||     3
  Use: Potion            |       |       |     1 ||     1
 Stab: Sleeping          |     3 |     7 |     5 ||    15
  Eat: Chunk             |     1 |    10 |     4 ||    15
       Ration            |       |       |     1 ||     1
Armor: Skin              |     2 |    18 |    12 ||    32
Dodge: Dodged            |    25 |    47 |    52 ||   124
Block: Buckler           |     4 |     6 |    18 ||    28

Table legend:
 A = Non-vault XP
 B = Vault XP
 C = Vault XP percentage of total XP
 D = Non-vault monster count
 E = Vault monster count
 F = Vault count percentage of total count
                 A         B        C        D         E       F
            +---------+---------+-------+---------+---------+-------
      Total |    1804 |     620 |  25.6 |     124 |      24 |  16.2
            +---------+---------+-------+---------+---------+-------
        D:1 |      46 |       0 |   0.0 |      23 |       0 |   0.0
        D:2 |      37 |      75 |  67.0 |       9 |       4 |  30.8
        D:3 |     234 |       0 |   0.0 |      22 |       0 |   0.0
        D:4 |     361 |     188 |  34.2 |      14 |      10 |  41.7
        D:5 |     649 |     247 |  27.6 |      32 |       4 |  11.1
        D:6 |     477 |       0 |   0.0 |      24 |       0 |   0.0
      Sewer |       0 |     110 | 100.0 |       0 |       6 | 100.0
            +---------+---------+-------+---------+---------+-------
